 Dungeon Crawl Stone Soup version 0.28.0-53-g5a82cb258f (webtiles) character file.

Game seed: 14129527223736390092

50595 LynnLen the Bewitcher (level 14, -4/114 HPs)
             Began as a Vampire Enchanter on Aug 22, 2022.
             Was an Elder of Makhleb.
             Slain by an efreet
             ... wielding a +0 scimitar of flaming
              (18 damage)
             ... on level 15 of the Dungeon on Aug 23, 2022.
             The game lasted 01:28:50 (20852 turns).

LynnLen the Bewitcher (Vampire Enchanter)          Turns: 20852, Time: 01:28:51

Health: -4/114     AC: 13    Str: 13    XL:     14   Next: 20%
Magic:  38/38      EV: 12    Int: 20    God:    Makhleb [****..]
Gold:   439        SH:  6    Dex: 17    Spells: 14/35 levels left

rFire   . . .      SeeInvis +   b - +6 quick blade (spect)
rCold   . . .      Faith    .   B - +2 buckler {rN+}
rNeg    + . .      Spirit   .   A - +0 steam dragon scales
rPois   .          Reflect  .   (no helmet)
rElec   .          Harm     .   z - +0 cloak
rCorr   .          Rampage  .   f - +2 pair of gloves
Will    +....                   H - +1 pair of boots
Stlth   +++.......              L - amulet of magic regeneration
HPRegen 0.49/turn               e - +6 ring of strength
MPRegen 0.66/turn               v - ring of the City {Fly MP+9 Slay+2}

@: flying, healing quickly
A: alive, fangs 3, see invisible, vampiric 2
a: Exsanguinate, Renounce Religion, Minor Destruction, Lesser Servant of
Makhleb, Major Destruction


You were on level 15 of the Dungeon.
You worshipped Makhleb.
Makhleb was greatly pleased with you.
You visited 2 branches of the dungeon, and saw 16 of its levels.

You collected 1118 gold pieces.
You spent 679 gold pieces at shops.

Inventory:

Hand Weapons
 b - a +6 spectral quick blade (weapon)
 G - a +3 dagger of chaos
Missiles
 l - 27 poisoned darts
 w - 5 silver javelins
 E - a throwing net
 F - 7 datura-tipped darts
 J - a curare-tipped dart
 K - 8 atropa-tipped darts
Armour
 f - a +2 pair of gloves (worn)
 r - a +2 leather armour of cold resistance
 s - a +0 pair of gloves of stealth
 z - a +0 cloak (worn)
 A - +0 steam dragon scales (worn)
 B - a +2 buckler of positive energy (worn)
 H - a +1 pair of boots (worn)
Jewellery
 e - a +6 ring of strength (left hand)
 n - a ring of positive energy
 v - the ring of the City (right hand) {Fly MP+9 Slay+2}
   (You found it on level 5 of the Dungeon)

   [ring of magical power]

   Slay:      It affects your accuracy & damage with ranged weapons and melee
   (+2).
   MP:        It affects your magic capacity (+9).
   Fly:       It grants you flight.
 L - an amulet of magic regeneration (around neck)
Wands
 a - a wand of iceblast (10)
 d - a wand of mindburst (11)
 i - a wand of flame (12)
 m - a wand of digging (5)
 p - a wand of paralysis (30)
 y - a wand of acid (23)
Scrolls
 g - 6 scrolls of teleportation
 j - 2 scrolls of immolation
 t - 6 scrolls of amnesia
 u - 2 scrolls of magic mapping
 x - a scroll of torment
 I - a scroll of fog
 M - a scroll of vulnerability
 N - a scroll of silence
Potions
 c - a potion of flight
 h - 3 potions of haste
 k - 4 potions of curing
 q - 6 potions of mutation
 D - a potion of magic
 O - a potion of might


   Skills:
 + Level 11.8 Fighting
 - Level 10.0 Short Blades
 + Level 5.7 Armour
 - Level 2.1 Dodging
 - Level 4.4 Stealth
 + Level 11.4 Spellcasting
 + Level 17.3 Hexes
 + Level 7.6 Air Magic


You had 14 spell levels left.
You knew the following spells:

 Your Spells              Type           Power      Damage    Failure   Level
a - Ensorcelled Hibernat  Hex/Ice        92%        N/A       1%          2
b - Confusing Touch       Hex            69%        N/A       1%          3
c - Tukima's Dance        Hex            69%        N/A       1%          3
d - Silence               Hex/Air        28%        N/A       1%          5
e - Shock                 Conj/Air       100%       1d9       1%          1
f - Swiftness             Air            41%        N/A       1%          3
g - Airstrike             Air            20%        N/A       3%          4

Your spell library contained the following spells:

 Spells                   Type           Power      Damage    Failure   Level
 Dazzling Flash           Conj/Hex       92%        N/A       1%          3
 Conjure Flame            Conj/Fire      11%        6-21      24%         3
 Gell's Gravitas          Tloc           11%        N/A       24%         3
 Ignite Poison            Fire/Tmut/Pois 11%        N/A       24%         3
 Teleport Other           Tloc           11%        N/A       24%         3
 Discord                  Hex            34%        N/A       41%         8
 Iskenderun's Mystic Bla  Conj/Tloc      11%        2d4       63%         4
 Sticky Flame             Conj/Fire      11%        2d3       63%         4
 Freezing Cloud           Conj/Ice/Air   10%        6-21      63%         5
 Agony                    Necr           11%        N/A       92%         5
 Conjure Ball Lightning   Conj/Air       13%        3x3d6     95%         6
 Dispersal                Tloc           5%         N/A       100%        6
 Simulacrum               Ice/Necr       5%         N/A       100%        6
 Starburst                Conj/Fire      5%         6d4       100%        6
 Disjunction              Tloc           5%         N/A       100%        8
 Polar Vortex             Ice            5%         N/A       100%        9


Dungeon Overview and Level Annotations

Branches:
Dungeon (15/15)            Temple (1/1) D:6            Lair (0/6) D:9
    Orc (0/2) D:10         Vaults (0/5) D:14         Depths (0/4) D:15

Altars:
Ashenzari
Cheibriados
Dithmenos
Elyvilon
Fedhas
Gozag
Hepliaklqana
Kikubaaqudgha
Makhleb
Nemelex Xobeh
Okawaru
Qazlal
Ru
Sif Muna
Trog
Uskayaw
Vehumet
Wu Jian
Xom
Yredelemnul
Zin
The Shining One
Beogh

Shops:
D:3 ?   D:4 (   D:7 [?(   D:13 [

Portals:
Trove: D:10 (give 6 scrolls of fog)

Annotations:
D:9 3 runed translucent doors, Dazliare's ghost, novice OgCj; Flarelocke's ghost, novice DsWr; Sin92's ghost, novice DsFi; Wobbu's ghost, journeyman NaWz; andrewp's ghost, journeyman MiBe
D:14 3 runed translucent doors
D:15 3 runed translucent doors, Jorgrun; Rupert; Simeskou's ghost, journeyman DsIE; Vuirau's ghost, journeyman DsGl


Innate Abilities, Weirdness & Mutations

Your natural rate of healing is accelerated.
You have razor-sharp teeth.
You have supernaturally acute eyesight. (SInv)
You are afflicted with vampirism and can become a bat while bloodless.


Message History

The efreet is moderately wounded.
You hit the efreet.
The efreet is moderately wounded.
You hit the efreet.
The efreet is heavily wounded.
The efreet hits you with a +0 scimitar of flaming!
The efreet burns you.
A deep troll comes into view.
You hit the efreet but do no damage.
The efreet is heavily wounded.
You puncture the efreet!
The efreet is severely wounded.
The efreet gestures at you.
The fireball explodes!
The fireball engulfs you!
The fireball engulfs the efreet.
The efreet completely resists.
You hit the efreet but do no damage.
The efreet is severely wounded.
You hit the efreet.
The efreet is almost dead.
You hit the efreet but do no damage.
The efreet is almost dead.
The efreet hits you with a +0 scimitar of flaming.
The efreet burns you.
You hit the efreet.
The efreet is almost dead.
You hit the efreet but do no damage.
The efreet is almost dead.
You hit the efreet but do no damage.
The efreet is almost dead.
The efreet gestures at you. The bolt of fire hits you!!
* * * LOW HITPOINT WARNING * * *
You hit the efreet but do no damage.
The efreet is almost dead.
You hit the efreet but do no damage.
The efreet is almost dead.
You hit the efreet but do no damage.
The efreet is almost dead.
The efreet hits you with a +0 scimitar of flaming!!
You die...

#.####.........###.
#.##.. .##........#
#.##.#..# .#..###..
#.##.#..#... #.#
#.......#..# #..
####.#.##..#.####..
#.#..........### ######.#
#..## #....<
#..R@.T###...# #.#.##
#.####.....#..##.#.##
#### ####.#...#.......##
##?♣⌠♣#...#..#####...####
#8....#..###...#.....####
......#...#.##.#.#....[..
♣.....+....###...#...####
⌠....W+....# #####...#
♣.....+..#.# #...#


You could see a deep troll and an efreet.

Vanquished Creatures
  A stone giant (D:14)
  4 vault guards (D:14)
  4 hydras
  4 boulder beetles
  7 centaur warriors
  2 two-headed ogres
  2 catoblepae
  A tengu warrior (D:15)
  2 death knights (D:14)
  2 deep trolls
  2 wizards (D:14)
  11 ugly things
  A harpy (shapeshifter) (D:14)
  7 cyclopes
  2 deep elf pyromancers
  3 manticores
  Joseph (D:10)
  Psyche (D:7)
  A gargoyle (D:10)
  Maggie (D:6)
  2 efreet
  2 kobold demonologists
  2 tengu conjurers (D:15)
  2 komodo dragons
  3 trolls
  4 meliai
  2 hornets (D:8)
  7 slime creatures
  Sigmund (D:7)
  4 vampires
  A shadow (D:12)
  3 basilisks
  A culicivora (D:13)
  A spriggan (shapeshifter) (D:14)
  2 wraiths (D:12)
  2 wyverns (D:9)
  Eustachio (D:6)
  6 vampire mosquitoes
  26 yaks
  A redback (D:13)
  6 humans (D:7)
  Edmund (D:6)
  4 acid dragons
  5 water moccasins
  An orc warrior (D:12)
  4 ice beasts
  A sky beast (D:7)
  A black bear (shapeshifter) (D:15)
  2 black bears (D:6)
  15 centaurs
  2 necrophages
  5 ogres
  A kobold brigand (D:8)
  3 bullfrogs
  2 gnoll sergeants (D:9)
  2 scorpions
  A wyvern zombie (D:6)
  A wyvern skeleton (D:7)
  A water moccasin zombie (D:7)
  5 wights (D:8)
  2 electric eels (D:9)
  A howler monkey (D:8)
  5 centaur zombies
  4 orc priests
  A hound (D:7)
  2 gnoll shamans
  A bullfrog skeleton (D:7)
  2 centaur skeletons (D:5)
  Ijyb (D:4)
  An iguana (D:6)
  8 orc wizards
  A scorpion zombie (D:5)
  2 killer bee zombies
  A howler monkey skeleton (D:6)
  2 howler monkey zombies
  30 gnolls
  7 adders
  2 shadow imps
  2 white imps
  An ufetubus (D:7)
  An adder zombie (D:5)
  5 worms
  4 dart slugs
  65 orcs
  9 ball pythons
  5 endoplasms
  4 giant cockroaches
  10 goblins
  12 hobgoblins
  13 jackals
  15 kobolds
  3 quokkas
  8 bats
  4 frilled lizards
  3 rats
432 creatures vanquished.

Vanquished Creatures (collateral kills)
  A centaur warrior (D:8)
  A two-headed ogre (D:9)
  A tengu warrior (D:14)
  A troll (D:14)
  A centaur (D:11)
  A kobold brigand (D:8)
  A gnoll sergeant (D:5)
7 creatures vanquished.

Vanquished Creatures (others)
  7 dancing weapons
  A vampire (D:8)
  2 bushes (D:9)
  6 fungi (D:9)
  23 plants
39 creatures vanquished.

Grand Total: 478 creatures vanquished

Notes
Turn   | Place    | Note
-------+----------+-------------------------------------------
     0 | D:1      | LynnLen the Vampire Enchanter began the quest for the Orb.
     0 | D:1      | Reached XP level 1. HP: 13/13 MP: 3/3
     2 | D:1      | Noticed a demonspawn
     2 | D:1      | Noticed a spriggan
     4 | D:1      | Noticed a formicid
     4 | D:1      | Noticed a vine stalker
     6 | D:1      | Noticed a demigod
     8 | D:1      | Noticed a troll
    12 | D:1      | Noticed a tengu
    12 | D:1      | Noticed a naga
    14 | D:1      | Noticed a draconian
    14 | D:1      | Noticed a ghoul
    16 | D:1      | Noticed a gargoyle
    16 | D:1      | Noticed an ogre
    18 | D:1      | Noticed a felid
    18 | D:1      | Noticed a vampire
    20 | D:1      | Noticed an elf
    22 | D:1      | Noticed a human
    22 | D:1      | Noticed a minotaur
    24 | D:1      | Noticed a merfolk
    24 | D:1      | Noticed an octopode
    26 | D:1      | Noticed a dwarf
   140 | D:1      | Reached XP level 2. HP: 20/20 MP: 5/5
   149 | D:1      | Reached skill level 1 in Fighting
   158 | D:1      | Learned a level 2 spell: Ensorcelled Hibernation
   871 | D:2      | Found a faded altar of an unknown god.
   980 | D:2      | Gained mutation: You are afflicted with vampirism and can
                  | become a bat while bloodless. [Vampire growth]
   980 | D:2      | Reached XP level 3. HP: 21/26 MP: 6/6
  1185 | D:2      | Found a hide-covered altar of Uskayaw.
  1800 | D:3      | Noticed an ice beast
  1818 | D:2      | Learned a level 3 spell: Confusing Touch
  1935 | D:3      | Killed an ice beast
  1936 | D:3      | Reached XP level 4. HP: 21/34 MP: 2/7
  1936 | D:3      | Reached XP level 5. HP: 24/40 MP: 2/8
  2288 | D:3      | Found Gecounich's Magic Scroll Shop.
  2676 | D:3      | Found an opulent altar of Gozag.
  2885 | D:4      | Noticed Ijyb
  2897 | D:4      | Found Siegheh's Antique Weapon Boutique.
  2902 | D:4      | Killed Ijyb
  3012 | D:3      | Bought a scroll of identify for 24 gold pieces
  3012 | D:3      | Bought a scroll of identify for 24 gold pieces
  3012 | D:3      | Bought a scroll of identify for 24 gold pieces
  3012 | D:3      | Bought a scroll of identify for 24 gold pieces
  3018 | D:3      | Identified a scroll of acquirement
  3024 | D:3      | Acquired a +4 quick blade
  3055 | D:4      | Found a shimmering blue altar of Sif Muna.
  3144 | D:4      | Found a shadowy altar of Dithmenos.
  3247 | D:4      | Learned a level 3 spell: Tukima's Dance
  3291 | D:3      | Reached XP level 6. HP: 22/46 MP: 9/9
  3660 | D:3      | Reached skill level 5 in Short Blades
  4095 | D:5      | Entered Level 5 of the Dungeon
  4103 | D:5      | Identified the ring of the City {Fly MP+9 Slay+2}
  4303 | D:5      | Reached skill level 5 in Hexes
  4321 | D:5      | Reached XP level 7. HP: 54/54 MP: 10/10
  4619 | D:5      | Reached skill level 6 in Hexes
  5023 | D:6      | Reached XP level 8. HP: 58/61 MP: 13/13
  5052 | D:6      | Noticed Edmund
  5071 | D:6      | Killed Edmund
  5072 | D:6      | Reached skill level 5 in Fighting
  5095 | D:6      | Noticed Maggie
  5136 | D:6      | Killed Maggie
  5137 | D:6      | Reached skill level 7 in Hexes
  5644 | D:6      | Noticed Eustachio
  5709 | D:6      | Killed Eustachio
  5710 | D:6      | Reached skill level 8 in Hexes
  5836 | D:6      | Found a staircase to the Ecumenical Temple.
  5861 | Temple   | Entered the Ecumenical Temple
  6014 | D:6      | Reached XP level 9. HP: 49/69 MP: 16/16
  6284 | D:6      | Reached skill level 5 in Spellcasting
  6859 | D:7      | Reached skill level 9 in Hexes
  7021 | D:7      | Found Nejo's Weapon Shop.
  7060 | D:7      | Found Ytuuta's Magic Scroll Shop.
  7339 | D:7      | Found a snail-covered altar of Cheibriados.
  7439 | D:7      | Noticed Sigmund
  7479 | D:7      | Noticed Psyche
  7507 | D:7      | Killed Psyche
  7508 | D:7      | Reached skill level 10 in Hexes
  7554 | D:7      | Reached XP level 10. HP: 71/79 MP: 19/19
  7606 | D:7      | Killed Sigmund
  7856 | D:7      | Found Maq Lija's Antique Armour Shop.
  8297 | D:8      | Reached skill level 11 in Hexes
  8298 | D:8      | Noticed a cyclops
  8336 | D:8      | Killed a cyclops
  8558 | D:8      | Noticed a centaur warrior
  8558 | D:8      | Noticed a manticore
  8558 | D:8      | Noticed a cyclops
  8559 | D:8      | Noticed a cyclops
  8572 | D:8      | Noticed a deep elf pyromancer
  8582 | D:8      | Noticed a green ugly thing
  8612 | D:8      | Noticed a centaur warrior
  8653 | D:8      | Killed a centaur warrior
  8908 | D:8      | Noticed a catoblepas
  8935 | D:8      | Killed a catoblepas
  8936 | D:8      | Reached skill level 10 in Short Blades
  8936 | D:8      | Reached skill level 12 in Hexes
  8936 | D:8      | Reached XP level 11. HP: 59/86 MP: 22/22
  8963 | D:8      | Identified the +7 mace of Income {drain, Str+4}
  9069 | D:8      | Learned a level 5 spell: Silence
  9071 | D:8      | Learned a level 1 spell: Shock
  9075 | D:8      | Learned a level 3 spell: Swiftness
  9696 | D:8      | Noticed a white ugly thing
  9702 | D:8      | Noticed a cyan ugly thing
  9703 | D:8      | Noticed a deep elf pyromancer
  9730 | D:7      | HP: 4/87 [white ugly thing (30)]
  9742 | D:7      | Killed a white ugly thing
  9814 | D:8      | Killed a white ugly thing
  9944 | D:8      | Killed a deep elf pyromancer
 10252 | D:7      | Bought a scroll of enchant weapon for 97 gold pieces
 10252 | D:7      | Bought a scroll of vulnerability for 97 gold pieces
 10417 | D:3      | Bought a scroll of silence for 90 gold pieces
 10701 | D:9      | Reached skill level 13 in Hexes
 10835 | D:9      | Found a burning altar of Makhleb.
 10847 | D:9      | Became a worshipper of Makhleb the Destroyer
 11544 | D:9      | Found a staircase to the Lair.
 11571 | D:9      | Reached * piety under Makhleb
 11719 | D:9      | Noticed a two-headed ogre
 11736 | D:9      | Killed a two-headed ogre
 11773 | D:9      | Noticed a two-headed ogre
 11780 | D:9      | Killed a two-headed ogre
 11846 | D:9      | Found a runed translucent gate.
 11846 | D:9      | Found a runed translucent gate.
 11848 | D:9      | Found a runed translucent gate.
 11848 | D:9      | Noticed Wobbu's ghost (journeyman NaWz)
 11848 | D:9      | Noticed Sin92's ghost (novice DsFi)
 11850 | D:9      | Noticed Flarelocke's ghost (novice DsWr)
 11850 | D:9      | Noticed andrewp's ghost (journeyman MiBe)
 11851 | D:9      | Noticed Dazliare's ghost (novice OgCj)
 11943 | D:9      | Reached skill level 14 in Hexes
 11977 | D:9      | Found a hide-covered altar of Uskayaw.
 12136 | D:10     | Entered Level 10 of the Dungeon
 12168 | D:10     | Noticed Joseph
 12201 | D:10     | Found a broken altar of Ashenzari.
 12265 | D:10     | Killed Joseph
 12266 | D:10     | Identified the +0 scale mail of the Maze {rC- Int+7}
 12346 | D:10     | Reached skill level 1 in Air Magic
 12681 | D:10     | Found a portal to a secret trove of treasure.
 12789 | D:10     | Found a staircase to the Orcish Mines.
 13017 | D:10     | Reached XP level 12. HP: 86/97 MP: 25/25
 13298 | D:11     | Reached ** piety under Makhleb
 13306 | D:11     | Reached skill level 10 in Fighting
 13553 | D:11     | Found the +7 Kryia's mail coat {PotionHeal*2 rC+}
 14368 | D:11     | Noticed a boulder beetle
 14373 | D:11     | Reached skill level 1 in Armour
 14642 | D:12     | Noticed a centaur warrior
 14666 | D:12     | Killed a centaur warrior
 14667 | D:12     | Reached skill level 15 in Hexes
 15189 | D:12     | Noticed a boulder beetle
 15808 | D:11     | Learned a level 4 spell: Airstrike
 15868 | D:11     | Killed a boulder beetle
 15869 | D:11     | Reached skill level 10 in Spellcasting
 16236 | D:13     | Noticed a catoblepas
 16279 | D:13     | Killed a catoblepas
 16461 | D:13     | Noticed a centaur warrior
 16475 | D:13     | Found Hera's Antique Armour Shop.
 16482 | D:13     | Bought a buckler for 112 gold pieces
 16510 | D:13     | Bought a pair of runed gloves for 187 gold pieces
 16585 | D:13     | Noticed a seven-headed hydra
 16659 | D:13     | Killed a centaur warrior
 16677 | D:13     | Killed a seven-headed hydra
 16688 | D:13     | Reached *** piety under Makhleb
 16851 | D:13     | Noticed a two-headed ogre
 16856 | D:13     | Killed a two-headed ogre
 16857 | D:13     | Reached skill level 5 in Air Magic
 16972 | D:14     | Noticed a centaur warrior
 17084 | D:14     | Noticed a four-headed hydra
 17158 | D:14     | Reached XP level 13. HP: 98/104 MP: 27/27
 17463 | D:14     | Found a runed translucent door.
 17465 | D:14     | Noticed a green very ugly thing
 17467 | D:14     | Found a runed translucent door.
 17467 | D:14     | Found a runed translucent door.
 17515 | D:14     | Reached skill level 16 in Hexes
 18524 | D:14     | Identified the +10 hand axe of Inconvenience {freeze, MP-9
                  | Str+5}
 19180 | D:14     | Found a gate to the Vaults.
 19374 | D:14     | Reached skill level 5 in Armour
 19919 | D:15     | Entered Level 15 of the Dungeon
 19939 | D:15     | Noticed Rupert
 19939 | D:15     | Noticed Jorgrun
 19976 | D:15     | Found a runed translucent gate.
 19978 | D:15     | Found a runed translucent gate.
 19978 | D:15     | Found a runed translucent gate.
 19980 | D:15     | Noticed Simeskou's ghost (journeyman DsIE)
 19980 | D:15     | Noticed Vuirau's ghost (journeyman DsGl)
 20005 | D:15     | Reached **** piety under Makhleb
 20141 | D:15     | Noticed a stone giant
 20157 | D:14     | Reached skill level 17 in Hexes
 20192 | D:14     | Killed a stone giant
 20193 | D:14     | Reached XP level 14. HP: 114/114 MP: 29/29
 20445 | D:15     | Found a staircase to the Depths.
 20852 | D:15     | Slain by an efreet

Illustrated notes

Levels and vault maps discovered:
D:1:      kb_arrival_jail, layout_loops_ring
D:2:      layout_basic, basic_altar, shapermc_ecumenical_altar_pompeii,
          kennysheep_generic_room_15
D:3:      minmay_diamond_boxcup, layout_rooms, mainiacjoe_overflow_brackets,
          serial_shops, shop
D:4:      layout_cave_pools, mainiacjoe_overflow_alcove_1, led_sif_book,
          serial_shops, shop, uniq_ijyb
D:5:      layout_rooms
D:6:      corexii_shantytown, layout_gridville, minmay_temple_entry_mini_moons,
          uniq_maggie, uniq_eustachio, uniq_edmund
D:7:      erik_cavepeople, layout_loops_corners, cheibrodos_worm_habitat,
          enter_bailey_1, serial_shops, shop,
          nicolae_shop_temple_entry_statues_fountains,
          nicolae_shop_behind_doors, corexii_hall_statues_x
D:8:      hangedman_cross_veins, layout_loops_ring, minmay_misc_feat_columns,
          minivault_12
D:9:      layout_roguey, kennysheep_little_box, mainiacjoe_overflow_alcove_2,
          minmay_lair_entry_grove, gammafunk_ghost_cemetery, lightli_minifort
D:10:     layout_roguey, mainiacjoe_overflow_alcove_4, orc_0_dummy,
          enter_trove_0, uniq_joseph
D:11:     layout_layer_cave
D:12:     layout_roguey [special_room_orc], serial_glass, glass_columns_a,
          glass_columns_a, feat_on_display, feat_on_display
D:13:     layout_rooms, serial_shops, nicolae_shop_overgrown_old_shop,
          kennysheep_nub
D:14:     minmay_the_grid_four_pointed_star
          [minmay_the_grid_triangle_9x9_fully_insulated_deathbox,
          minmay_the_grid_triangle_9x9_descending_squares,
          minmay_the_grid_triangle_9x9_alien,
          minmay_the_grid_triangle_9x9_sparse_checkered,
          minmay_the_grid_prize_big_room], layout_irregular_city,
          lightli_vaults_fourway_checkpoint, chequers_serial_rivers_micro_e,
          chequers_decorated_corner
D:15:     hangedman_depths_entry_civil_slaughter, layout_loops_cross,
          gammafunk_ghost_cemetery, hellmonk_guarded_unrand_seven_league_boots,
          uniq_rupert, uniq_jorgrun
Temple:   nicolae_temple_no_exploring_needed

Skill      XL: |  1  2  3  4  5  6  7  8  9 10 11 12 13 |
---------------+----------------------------------------+-----
Fighting       | 1 2 3 4 6 7 8 9 10 11 | 11.8
Short Blades   | 2 3 4 5 6 7 8 10 | 10.0
Hexes          | 5 6 8 10 12 14 15 17 | 17.3
Spellcasting   | 3 4 6 7 9 10 11 | 11.4
Air Magic      | 1 5 7 |  7.6
Armour         | 3 5 |  5.7
Dodging        | |  2.1
Stealth        | |  4.4

Action                   |  1- 3 |  4- 6 |  7- 9 | 10-12 | 13-15 || total
-------------------------+-------+-------+-------+-------+-------++-------
Melee: Dagger            |   175 |   125 |       |       |       ||   300
       Bite              |    19 |    22 |    56 |   119 |    78 ||   294
       Quick blade       |       |    70 |   432 |   730 |   407 ||  1639
       Punch             |       |     1 |     5 |    11 |       ||    17
Throw: Dart              |       |       |       |     7 |       ||     7
 Cast: Ensorcelled Hiber |     5 |    15 |     5 |    29 |     8 ||    62
       Confusing Touch   |     3 |     1 |     8 |    12 |       ||    24
       Tukima's Dance    |       |     1 |     6 |    24 |    20 ||    51
       Shock             |       |       |       |     2 |       ||     2
       Airstrike         |       |       |       |     9 |     2 ||    11
       Silence           |       |       |       |       |     3 ||     3
       Swiftness         |       |       |       |       |     1 ||     1
 Abil: Exsanguinate      |       |       |       |     1 |       ||     1
       Revivify          |       |       |       |     1 |       ||     1
Evoke: Wand              |       |       |       |     1 |       ||     1
  Use: Scroll            |     3 |    11 |     8 |     7 |     2 ||    31
       Potion            |       |       |       |    13 |     3 ||    16
 Stab: Sleeping          |    12 |    18 |    13 |    21 |     3 ||    67
       Confused          |     3 |     2 |     8 |    18 |       ||    31
       Distracted        |       |       |       |    13 |    19 ||    32
Armor: Robe              |    39 |       |       |       |       ||    39
       Leather armour    |     7 |    44 |    26 |       |       ||    77
       Steam dragon scal |       |       |    54 |   137 |    71 ||   262
Dodge: Dodged            |    98 |    91 |   130 |   223 |   111 ||   653
Block: Buckler           |       |       |       |     8 |    50 ||    58
